Map: Abiogênese LE

Players

Salvi

  • Race: Protoss Protoss
  • League: Gold
  • Spawn Location: 5:00

IagoAbreu - Winner!

  • Race: Zerg Zerg
  • League: Gold
  • Spawn Location: 11:00

VOD

Have the link to the VOD?

Description

Time

  • Played on: May 1, 2018, 10:17 a.m.
  • Length: 8:04
Show
View Real Time Build Order
Export as new Build Order

Salvi Protoss 

Build Orders:  

Get SALT Encoding   

  12  0:01  Probe  
  13  0:13  Probe  
  14  0:24  Pylon  
  14  0:25  Probe  
  15  0:42  Probe  
  16  0:54  Probe  
  17  1:10  Nexus  
  17  1:18  Gateway  
  17  1:24  Probe  
  18  1:27  Assimilator  
  18  1:37  Probe  
  18  1:52  Probe  
  19  1:57  Forge, Zealot  
  19  2:04  Pylon  
  21  2:09  Probe  
  22  2:22  Zealot  
  21  2:39  Photon Cannon  
  21  2:42  Gateway  
  21  2:47  Pylon  
  21  2:51  Probe  
  21  2:53  Pylon  
  21  2:58  Pylon  
  22  3:02  Probe  
  22  3:03  Probe  
  23  3:07  Zealot  
  25  3:15  Probe x2  
  27  3:23  Photon Cannon  
  28  3:27  Probe  
  28  3:31  Probe  
  29  3:36  Zealot x2  
  29  3:39  Probe  
  29  3:40  Cybernetics Core  
  29  3:56  Probe x2  
  25  4:02  Photon Cannon  
  23  4:11  Photon Cannon  
  23  4:15  Photon Cannon  
  22  4:18  Probe x2  
  24  4:30  Probe  
  25  4:32  Probe  
  26  4:42  Photon Cannon  
  26  4:43  Probe  
  26  4:45  Shield Battery  
  22  4:54  Pylon  
  19  5:04  Zealot  
  19  5:14  Photon Cannon  
  19  5:17  Probe  
  20  5:27  Pylon  
  20  5:40  Shield Battery  
  20  5:44  Probe  
  20  5:49  Zealot  
  23  5:56  Probe  
  24  6:16  Photon Cannon  
  24  6:17  Probe  
  24  6:18  Zealot  
  27  6:28  Zealot  
  27  6:29  Probe  
  27  6:32  Twilight Council  
  30  6:46  Probe  
  31  6:47  Zealot  
  31  6:52  Zealot  
  35  7:09  Pylon  
  35  7:14  Zealot  
  31  7:31  Photon Cannon  
Show
View Real Time Build Order
Export as new Build Order

IagoAbreu Zerg - Winner!

Build Orders: Pool First 

Get SALT Encoding   

  12  0:03  Drone  
  13  0:12  Drone  
  14  0:18  Overlord  
  14  0:36  Spawning Pool  
  14  0:38  Drone  
  14  1:09  Hatchery  
  13  1:24  Zergling x6  
  16  1:37  Drone  
  17  1:44  Queen  
  19  1:52  Drone  
  20  1:58  Drone  
  21  2:16  Zergling x2  
  21  2:19  Overlord  
  22  2:23  Queen  
  22  2:25  Drone  
  24  2:53  Zergling x6  
  24  2:54  Zergling x8  
  29  3:12  Drone x2  
  31  3:14  Drone  
  31  3:15  Drone  
  31  3:53  Roach Warren  
  31  3:55  Extractor  
  27  3:57  Extractor  
  27  3:58  Zergling x8  
  27  3:59  Zergling x12  
  27  4:00  Zergling x2  
  35  4:16  Drone  
  36  4:20  Drone x2  
  34  4:50  Drone x3  
  35  4:53  Drone  
  35  4:54  Overlord x2  
  35  5:16  Zergling x8  
  35  5:17  Zergling x4  
  41  5:22  Zergling x4  
  43  5:34  Queen  
  43  5:35  Queen  
  47  5:38  Hatchery  
  46  6:03  Metabolic Boost  
  46  6:09  Evolution Chamber  
  45  6:13  Evolution Chamber  
  44  6:21  Pneumatized Carapace  
  44  6:37  Lair  
  44  6:48  Roach x2  
  44  6:49  Roach  
  44  6:50  Overlord x4  
  46  7:31  Zergling x2  
  46  7:32  Zergling x14  
  46  7:33  Zergling x6  
Tags
 
Add a new tag
Caveats
  • Supply blocks, unpowered buildings, or Contaminate may cause inaccurate times.
  • Supply counts are checked every 10 seconds.